 Dungeon Crawl Stone Soup version 0.29.1-13-g9f3cf754e1 (webtiles) character file.

Game seed: 11678867955368430564

317 flickminster the Changer (level 6, -4/46 HPs)
             Began as a Demonspawn Transmuter on Feb 5, 2023.
             Slain by a blink frog (7 damage)
             ... on level 1 of the Abyss.
             The game lasted 00:12:51 (3156 turns).

flickminster the Changer (Demonspawn Transmuter)    Turns: 3156, Time: 00:12:53

Health: -4/46      AC:  6    Str: 10    XL:     6   Next: 20%
Magic:  10/10      EV: 13    Int: 16    God:
Gold:   154        SH:  0    Dex: 16    Spells: 10/11 levels left

rFire   . . .      SeeInvis .   n - +4 dagger
rCold   . . .      Faith    .   (no shield)
rNeg    + . .      Spirit   .   a - +0 robe
rPois   .          Reflect  .   (helmet currently unavailable)
rElec   .          Harm     .   (no cloak)
rCorr   .          Rampage  .   (no gloves)
Will    .....                   (boots unavailable)
Stlth   +.........              (no amulet)
HPRegen 0.15/turn               i - ring of positive energy
MPRegen 0.12/turn               p - +4 ring of protection

@: appendages (expiring)
A: horns 2, ([talons 0]), hooves 3, big brain 1
a: End Transformation


You were on level 1 of the Abyss.
You had temporarily grown beastly horns and talons.
You visited 1 branch of the dungeon, and saw 3 of its levels.
You visited the Abyss 1 time.

You collected 154 gold pieces.

Inventory:

Hand Weapons
 c - a +0 dagger
 n - a +4 dagger (weapon)
 o - the +6 sling of the Coward {venom, Int+6}
   (You found it on level 2 of the Dungeon)

   Any ammunition fired from it poisons the flesh of those it strikes.
   Int:       It affects your intelligence (+6).
Missiles
 d - 9 poisoned darts (quivered)
Armour
 a - a +0 robe (worn)
Jewellery
 i - a ring of positive energy (left hand)
 p - a +4 ring of protection (right hand)
 q - a ring of resist corrosion
Scrolls
 r - a scroll of poison {unknown}
 s - a scroll of blinking {unknown}
Potions
 b - a potion of lignification
 e - 3 potions of curing
 f - a potion of haste {unknown}
 g - a potion of cancellation {unknown}
 h - a potion of flight {unknown}
 j - a potion of berserk rage {unknown}
 k - a potion of ambrosia
 l - a potion of might {unknown}
 m - a potion of mutation {unknown}


   Skills:
 + Level 2.9 Fighting
 + Level 2.2 Short Blades
 + Level 3.0 Dodging
 - Level 2.7 Unarmed Combat
 + Level 3.1 Spellcasting
 + Level 3.1 Transmutations


You had 10 spell levels left.
You knew the following spells:

 Your Spells              Type           Power      Damage    Failure   Level
a - Beastly Appendage     Tmut           24%        N/A       5%          1

Your spell library contained the following spells:

 Spells                   Type           Power      Damage    Failure   Level
 Wereblood                Tmut           12%        N/A       8%          2
 Spider Form              Tmut/Pois      7%         N/A       28%         3
 Ice Form                 Ice/Tmut       7%         N/A       67%         4


Dungeon Overview and Level Annotations

Branches:
Dungeon (3/15)

Altars:


Innate Abilities, Weirdness & Mutations

You have temporarily grown beastly horns and talons.
You have hooves in place of feet.
You have an unusually large brain. (Int +2)


Message History

Your feet have mutated into hooves.
It was a potion of ambrosia.
You are confused.
You feel invigorated.
The substance of the Abyss twists violently, and a gateway leading out appears!
The blink frog hits you!
* * * LOW HITPOINT WARNING * * *
The blink frog blinks!
The blink frog hits you but does no damage.
The blink frog blinks!
Your transformation is almost over.
The blink frog hits you.
* * * LOW HITPOINT WARNING * * *
The blink frog blinks!
The blink frog barely misses you.
You closely miss the blink frog.
The blink frog is lightly wounded.
The blink frog hits you!
The blink frog blinks!
You're too confused to move!
The blink frog closely misses you.
You hit the blink frog. Your kick misses the blink frog.
The blink frog is lightly wounded.
The blink frog barely misses you. The blink frog misses you.
You hit the blink frog.
The blink frog is moderately wounded.
You feel less invigorated.
You feel less confused.
The blink frog hits you but does no damage.
The blink frog closely misses you. The blink frog hits you!
You hit the blink frog.
The blink frog is heavily wounded.
The blink frog hits you!
* * * LOW HITPOINT WARNING * * *
The blink frog closely misses you.
You hit the blink frog. Your kick misses the blink frog.
Your headbutt misses the blink frog.
The blink frog is severely wounded.
The blink frog hits you.
* * * LOW HITPOINT WARNING * * *
The blink frog hits you!
You die...

# ## .# #
####.##..##
#.F.§#.#.#.#
#F . ## #
...### ( .
#.F##...#
#.....### #
#§#.##..##.#
#.∩#F#...#
#....#FF@.##
# #.
..###### ..
.... # # # .
.. .


You could see 3 blink frogs.

Vanquished Creatures
  A blink frog (Abyss:1)
  Jessica (D:2)
  5 adders
  A worm (D:2)
  2 dart slugs
  4 orcs (D:3)
  4 bats
  7 endoplasms
  4 giant cockroaches
  4 goblins (D:1)
  4 hobgoblins
  4 ball pythons
  2 frilled lizards
  8 kobolds
  2 rats
53 creatures vanquished.

Notes
Turn   | Place    | Note
-------+----------+-------------------------------------------
     0 | D:1      | flickminster the Demonspawn Transmuter began the quest for
                  | the Orb.
     0 | D:1      | Reached XP level 1. HP: 15/15 MP: 3/3
   666 | D:1      | Lost mutation: You have razor-sharp toenails. [demonic
                  | ancestry]
   666 | D:1      | Lost mutation: You have sharp toenails. [demonic ancestry]
   666 | D:1      | Gained mutation: You have large cloven feet. [demonic
                  | ancestry]
   666 | D:1      | Reached XP level 2. HP: 19/21 MP: 3/5
  1350 | D:1      | Lost mutation: You have razor-sharp toenails. [demonic
                  | ancestry]
  1350 | D:1      | Lost mutation: You have sharp toenails. [demonic ancestry]
  1350 | D:1      | Gained mutation: You have hoof-like feet. [demonic
                  | ancestry]
  1350 | D:1      | Reached XP level 3. HP: 21/26 MP: 4/6
  2055 | D:2      | Identified the +6 sling of the Coward {venom, Int+6}
  2205 | D:2      | Noticed Jessica
  2208 | D:2      | Killed Jessica
  2209 | D:2      | Reached skill level 1 in Short Blades
  2209 | D:2      | Reached XP level 4. HP: 33/33 MP: 7/7
  3071 | Abyss:1  | Cast into level 1 of the Abyss (orc)
  3129 | Abyss:1  | Noticed a blink frog
  3129 | Abyss:1  | Noticed a blink frog
  3129 | Abyss:1  | Noticed a blink frog
  3130 | Abyss:1  | Noticed a blink frog
  3146 | Abyss:1  | Killed a blink frog
  3147 | Abyss:1  | Gained mutation: You have an unusually large brain. (Int
                  | +2) [demonic ancestry]
  3147 | Abyss:1  | Reached XP level 5. HP: 13/40 MP: 7/9
  3147 | Abyss:1  | Lost mutation: You have razor-sharp toenails. [demonic
                  | ancestry]
  3147 | Abyss:1  | Lost mutation: You have sharp toenails. [demonic ancestry]
  3147 | Abyss:1  | Gained mutation: You have hooves in place of feet. [demonic
                  | ancestry]
  3147 | Abyss:1  | Reached XP level 6. HP: 16/46 MP: 7/10
  3156 | Abyss:1  | Slain by a blink frog

Illustrated notes

Levels and vault maps discovered:
D:1:      ncdulo_lavacross, layout_basic, item_on_display_a
D:2:      layout_basic, kennysheep_minor_cross, dk_noncrumbling_3,
          grunt_ministairs_2, uniq_jessica
D:3:      layout_rooms
Abyss:1:  base:
D:3

Skill      XL: |  1  2  3  4 |
---------------+-------------+-----
Dodging        | 2 3 |  3.0
Transmutations | 2 3 |  3.1
Short Blades   | 1 2 |  2.2
Fighting       | 2 |  2.9
Spellcasting   | 3 |  3.1
Unarmed Combat | |  2.7

Action                   |  1- 3 |  4- 6 || total
-------------------------+-------+-------++-------
Melee: Dagger            |   106 |    62 ||   168
       Kick              |    26 |    12 ||    38
       Headbutt          |     8 |     9 ||    17
       Unarmed           |     1 |       ||     1
       Punch             |       |     1 ||     1
 Fire: Sling             |     7 |       ||     7
Throw: Dart              |       |     2 ||     2
 Cast: Beastly Appendage |    11 |     5 ||    16
  Use: Scroll            |     2 |       ||     2
       Potion            |     1 |     2 ||     3
 Stab: Sleeping          |     1 |     2 ||     3
Armor: Robe              |    29 |    17 ||    46
Dodge: Dodged            |    63 |    49 ||   112
